 Dungeon Sprint DCSS version 0.19.1-1-g22dce08 (webtiles) character file.

68273 dvd the Stickfighter (level 13, -7/148 HPs)
             Began as a Troll Berserker on Jan 4, 2017.
             Was the Champion of Trog.
             Killed from afar by a deep elf annihilator (58 damage)
             ... with an iron shot
             ... in the Dungeon (Sprint III: "The Ten Rune Challenge").
             The game lasted 00:38:59 (5012 turns).

dvd the Stickfighter (Troll Berserker)              Turns: 5012, Time: 00:39:00

Health: -7/148     AC: 16    Str: 32    XL:     13   Next: 73%
Magic:  7/7        EV: 13    Int:  7    God:    Trog [******]
Gold:   457        SH:  0    Dex: 12    Spells: 0 memorised, 12 levels left

rFire  + + .     SeeInvis .     W - +8 quarterstaff (antimagic)
rCold  + + .     Gourm    +     J - +3 storm dragon scales of the Equinox {rElec rF+ rC+}
rNeg   + . .     Faith    .     (shield currently unavailable)
rPois  +         Spirit   .     E - +3 hat of Pondering {ponderous, MR+ MP+10 Int+5}
rElec  +         Reflect  .     K - +0 cloak
rCorr  .         Harm     .     (gloves unavailable)
MR     ++...     NoTele   +     (boots unavailable)
Stlth  ..........               (no amulet)
                                X - ring "Lennin" {+Fly rN+ Str+4}
                                Y - ring "Maichin" {Wiz rF+ MR+}

@: lethally poisoned (-7 -> -8), corroded, flying, very slightly contaminated,
slow
A: unfitting armour, antennae 1, claws 3, talons 1, cold resistance 1, dopey 1,
fast metabolism 3, gourmand, poison resistance, regeneration 1, shaggy fur 2,
tough skin 2, wild magic 3, evolution 1
a: Berserk, Trog's Hand, Brothers in Arms, Burn Spellbooks, Renounce Religion,
Stop Flying
}: 2/10 runes: decaying, serpentine


You were in the Dungeon.
You worshipped Trog.
Trog was exalted by your worship.
You were not hungry.

You visited 1 branch You collected 4149 gold pieces.
You spent 3692 gold pieces at shops.

Inventory:

Hand Weapons
 a - a +3 executioner's axe of chopping
 k - a +5 antimagic lajatang
 v - a +5 battleaxe of flaming
 w - a +2 triple sword of slicing
 x - the +4 broad axe "Alao" {drain, MR+}
   (Trog gifted it to you in the Dungeon)

   A truly terrible weapon, it drains the life of those it strikes.
   It affects your resistance to hostile enchantments.
 z - the +9 lajatang of Dissatisfaction {slice, *Contam rPois Int+7}
   (Trog gifted it to you in the Dungeon)

   It inflicts extra damage upon your enemies.
   It affects your intelligence (+7).
   It protects you from poison.
   It causes magical contamination when unequipped.
 B - a +2 glaive of protection
 F - the +8 scimitar "Sudirph" {slice, rN+}
   (Trog gifted it to you in the Dungeon)

   It inflicts extra damage upon your enemies.
   It protects you from negative energy.
 H - a +4 great sword of electrocution
 L - a +3 quarterstaff of protection
 M - a +2 war axe of holy wrath
 P - a +3 great sword of protection
 W - a +8 antimagic quarterstaff (weapon)
Missiles
 D - 4 javelins (quivered)
Armour
 E - the +3 hat of Pondering (worn) {ponderous, MR+ MP+10 Int+5}
   (You took it off Gastronok in the Dungeon)

   It affects your intelligence (+5).
   It affects your resistance to hostile enchantments.
   It affects your magic capacity (+10).
 J - the +3 storm dragon scales of the Equinox (worn) {rElec rF+ rC+}
   (You bought it in a shop in the Dungeon)

   It protects you from fire.
   It protects you from cold.
   It insulates you from electricity.
 K - a +0 cloak (worn)
 N - a +0 shield of reflection
Jewellery
 Q - an uncursed ring of magical power
 U - an uncursed ring of magical power
 X - the ring "Lennin" (right claw) {+Fly rN+ Str+4}
   (You bought it in a shop in the Dungeon)

   [ring of flight]

   It affects your strength (+4).
   It protects you from negative energy.
   It lets you fly.
 Y - the ring "Maichin" (left claw) {Wiz rF+ MR+}
   (You bought it in a shop in the Dungeon)

   [ring of wizardry]

   It improves your spell success rate.
   It protects you from fire.
   It affects your resistance to hostile enchantments.
Wands
 S - a wand of polymorph (16/24)
 V - a wand of acid (8/15)
Scrolls
 h - a scroll of blinking
 l - a scroll of immolation
 m - 4 scrolls of identify
 n - 3 scrolls of remove curse
Potions
 c - 5 potions of curing
 d - 4 potions of heal wounds
 e - 3 potions of haste
 f - 2 potions of magic
 j - a potion of flight
 p - 4 potions of cure mutation
Miscellaneous
 t - a fan of gales
Comestibles
 b - 3 bread rations
 i - 2 meat rations
 o - 16 fruits
 r - 25 royal jellies


   Skills:
 + Level 14.4 Fighting
 + Level 4.2 Long Blades
 + Level 5.5 Axes
 + Level 18.0 Staves
 + Level 1.4 Throwing
 * Level 7.6 Armour
 + Level 13.1 Dodging
 - Level 1.5 Stealth
 + Level 16.4 Unarmed Combat


You had 12 spell levels left.
You didn't know any spells.

Dungeon Overview and Level Annotations

Branches:
Dungeon (1/1)

Altars:
Cheibriados
Dithmenos
Elyvilon
Fedhas
Gozag
Hepliaklqana
Kikubaaqudgha
Makhleb
Nemelex Xobeh
Okawaru
Qazlal
Ru
Sif Muna
Trog
Uskayaw
Vehumet
Xom
Yredelemnul
Zin
The Shining One
Beogh
Jiyva
Lugonu

Shops:
D %=([?}!


Innate Abilities, Weirdness & Mutations

You are too large for most types of armour.
You have claws for hands.
Your metabolism is lightning-fast.
You like to eat raw meat.
Your natural rate of healing is unusually fast.
You are covered in thick fur. (AC +2)
You have very tough skin. (AC +2)
You have a pair of small antennae on your head.
You have sharp toenails.
Your flesh is cold resistant. (rC+)
You are dopey. (Int -2)
Your system is resistant to poisons. (rPois)
Your spells are much harder to cast, but much more powerful.
You evolve.


Message History

The deep elf death mage is heavily wounded.
You feel sick.
The deep elf annihilator points at you and mumbles some strange words.
The iron shot misses you.
The iron shot misses the deep elf annihilator.
The deep elf high priest intones a terrible prayer.
The deep elf high priest calls down the wrath of its god upon you.
Something smites you!
The deep elf death mage falters for a moment.
The deep elf master archer shoots an arrow.
The arrow hits you!
The deep elf annihilator points at you and mumbles some strange words.
The iron shot misses you.
The deep elf annihilator points at you and mumbles some strange words.
The crystal spear hits you!
You feel sick.
The neqoxec gestures.
The deep elf annihilator points at you and mumbles some strange words.
The iron shot hits you!
You die...

▓▓▓ ▓▓▓▓
#.#######..###############
#.#.#.##...'.#...##.e..'..
#..........#)#...##≈≈≈≈##..
#.........##)#...≈≈344..e..
#..........#!#..@##≈≈≈≈##.
#!∩#..#..#.#.'...##eeeee3..
#[[#.##.###################
#)###########################
#[)..#.#.#).[..#......'...≈≈#
##.#..#.##.###.#......#...≈≈###
'##.#.#.##.#.)##......#...≈≈≈≈#
#.).#..#..##..'.......#...≈≈≈≈#
▓▓▓▓▓▓▓▓▓▓▓▓▓▓#.......#.......#


You could see a deep elf annihilator, an orange demon, a rust devil and a smoke
demon.

Vanquished Creatures
  Rupert (D)
  Frances (D)
  Donald (D)
  4 azure jellies (D)
  A nagaraja (D)
  Erolcha (D)
  A naga warrior (D)
  2 ice dragons (D)
  A hydra (D)
  3 anacondas (D)
  3 orc high priests (D)
  2 death yaks (D)
  Urug (D)
  2 deep elf knights (D)
  A death drake (D)
  An orange crystal statue (D)
  A spriggan druid (D)
  A lindwurm (D)
  4 deep elf magi (D)
  A guardian serpent (D)
  2 elephants (D)
  6 black mambas (D)
  2 spiny frogs (D)
  A rime drake (D)
  A komodo dragon (D)
  A queen bee (D)
  4 spriggan defenders (D)
  2 tyrant leeches (D)
  8 blink frogs (D)
  5 redbacks (D)
  A spriggan (D)
  A shadow (D)
  3 wandering mushrooms (D)
  2 nagas (D)
  2 hill giants (D)
  A spatial vortex (D)
  A water moccasin (D)
  A hydra simulacrum (D)
  An orc warrior (D)
  4 fire dragon simulacra (D)
  A necrophage (D)
  A swamp drake (D)
  3 two-headed ogres (D)
  A water elemental (D)
  A scorpion (D)
  32 killer bees (D)
  A jelly (D)
  4 orc priests (D)
  A wizard (D)
  3 orc wizards (D)
  Jessica (D)
  A necromancer (D)
  A kobold demonologist (D)
  3 humans (D)
  4 adders (D)
  An ooze (D)
  2 swamp drake simulacra (D)
  11 orcs (D)
  A rat (D)
  2 plants (D)
157 creatures vanquished.

Vanquished Creatures (collateral kills)
  Gastronok (D)
  2 dire elephants (D)
  2 hydras (D)
  2 death yaks (D)
  4 crystal guardians (D)
  A moth of wrath (D)
  A hornet (D)
  A spriggan (D)
  A water moccasin (D)
15 creatures vanquished.

Vanquished Creatures (others)
  2 draconian scorchers (D)
  6 hellions (D)
  3 yaktaurs (D)
  An electric eel (D)
  6 plants (D)
18 creatures vanquished.

Grand Total: 190 creatures vanquished

Notes
Turn   | Place    | Note
-------+----------+-------------------------------------------
     0 | D        | dvd the Troll Berserker began the quest for the Orb.
     0 | D        | Reached XP level 1. HP: 22/22 MP: 0/0
    27 | D        | Noticed Jessica
    32 | D        | Killed Jessica
    32 | D        | Reached ** piety under Trog
    32 | D        | Reached XP level 2. HP: 21/32 MP: 1/1
    32 | D        | Reached XP level 3. HP: 26/39 MP: 2/2
    65 | D        | Killed a hellion
    67 | D        | Noticed a scorpion
    70 | D        | Killed a yaktaur
    72 | D        | Killed a scorpion
    72 | D        | Reached skill level 5 in Unarmed Combat
    72 | D        | Reached XP level 4. HP: 47/49 MP: 3/3
   122 | D        | Gained mutation: Your flesh is cold resistant. (rC+) [potion of mutation]
   122 | D        | Gained mutation: You occasionally shout uncontrollably at your foes. [potion of mutation]
   122 | D        | Gained mutation: You have sharp toenails. [potion of mutation]
   123 | D        | Gained mutation: You are dopey. (Int -2) [potion of mutation]
   123 | D        | Gained mutation: Your system is resistant to poisons. (rPois) [potion of mutation]
   124 | D        | Gained mutation: Your spells are a little harder to cast, but a little more powerful. [potion of mutation]
   124 | D        | Gained mutation: You have a pair of small antennae on your head. [potion of mutation]
   130 | D        | Noticed a water elemental
   136 | D        | Killed a water elemental
   136 | D        | Reached *** piety under Trog
   136 | D        | Reached skill level 5 in Fighting
   136 | D        | Reached skill level 5 in Dodging
   136 | D        | Reached XP level 5. HP: 30/57 MP: 4/4
   142 | D        | Killed a hellion
   143 | D        | Killed a hellion
   143 | D        | Killed a hellion
   143 | D        | Killed a hellion
   178 | D        | Found a radiant altar of Vehumet.
   179 | D        | Found a deep blue altar of Sif Muna.
   179 | D        | Found an ancient bone altar of Kikubaaqudgha.
   188 | D        | Reached **** piety under Trog
   188 | D        | Reached ***** piety under Trog
   189 | D        | Killed a white draconian scorcher
   214 | D        | Found a glowing silver altar of Zin.
   214 | D        | Found a glowing golden altar of the Shining One.
   214 | D        | Found a white marble altar of Elyvilon.
   214 | D        | Killed a hellion
   215 | D        | Noticed a deep elf mage
   225 | D        | Killed a deep elf mage
   225 | D        | Reached skill level 10 in Unarmed Combat
   225 | D        | Reached XP level 6. HP: 63/71 MP: 5/5
   225 | D        | Reached XP level 7. HP: 69/78 MP: 6/6
   240 | D        | Found a hide-covered altar of Uskayaw.
   240 | D        | Found a roughly hewn altar of Beogh.
   240 | D        | Found an iron altar of Okawaru.
   240 | D        | Found a bloodstained altar of Trog.
   240 | D        | Noticed a human
   240 | D        | Noticed a human
   250 | D        | Killed a human
   254 | D        | Killed a human
   276 | D        | Killed a white draconian scorcher
   292 | D        | Killed a yaktaur
   325 | D        | Killed a yaktaur
   330 | D        | Found a basalt altar of Yredelemnul.
   330 | D        | Found a shadowy altar of Dithmenos.
   330 | D        | Found a sacrificial altar of Ru.
   338 | D        | Received a gift from Trog
   347 | D        | Noticed a shadow
   352 | D        | Killed a shadow
   352 | D        | Reached XP level 8. HP: 20/88 MP: 2/7
   480 | D        | Found a blossoming altar of Fedhas.
   480 | D        | Found a stormy altar of Qazlal.
   480 | D        | Found a snail-covered altar of Cheibriados.
   480 | D        | Found a burning altar of Makhleb.
   480 | D        | Found a shimmering altar of Xom.
   481 | D        | Found a hazy altar of Hepliaklqana.
   481 | D        | Found an opulent altar of Gozag.
   481 | D        | Found a sparkling altar of Nemelex Xobeh.
   481 | D        | Found a corrupted altar of Lugonu.
   481 | D        | Found a viscous altar of Jiyva.
   514 | D        | Reached ****** piety under Trog
   604 | D        | Found Vomm's Distillery.
   612 | D        | Received a gift from Trog
   621 | D        | Noticed an orc high priest
   632 | D        | Noticed a sun demon
   634 | D        | Noticed an ice devil
   638 | D        | Killed an orc high priest
   638 | D        | Reached XP level 9. HP: 18/97 MP: 8/8
   780 | D        | Received a gift from Trog
   814 | D        | Bought a potion of degeneration for 14 gold pieces
   865 | D        | Bought a potion of heal wounds for 70 gold pieces
   865 | D        | Bought a potion of mutation for 35 gold pieces
   865 | D        | Bought a potion of mutation for 35 gold pieces
   865 | D        | Bought a potion of mutation for 35 gold pieces
   865 | D        | Bought a potion of haste for 140 gold pieces
   865 | D        | Gained mutation: You evolve. [potion of mutation]
   865 | D        | Gained mutation: Your spells are harder to cast, but more powerful. [potion of mutation]
   866 | D        | Gained mutation: You are covered in thick fur. (AC +2) [potion of mutation]
   866 | D        | Lost mutation: You occasionally shout uncontrollably at your foes. [potion of mutation]
   867 | D        | Gained mutation: Your spells are much harder to cast, but much more powerful. [potion of mutation]
   947 | D        | Noticed Erolcha
   954 | D        | Reached skill level 1 in Long Blades
   959 | D        | Killed Erolcha
   959 | D        | Reached skill level 1 in Stealth
   959 | D        | Reached skill level 15 in Unarmed Combat
   961 | D        | Received a gift from Trog
   968 | D        | Got a smoking broad axe {god gift}
   970 | D        | Identified the +4 broad axe "Alao" {drain, MR+} (Trog gifted it to you in the Dungeon)
  1178 | D        | Received a gift from Trog
  1181 | D        | Reached XP level 10. HP: 95/106 MP: 9/9
  1208 | D        | Reached skill level 5 in Axes
  1212 | D        | Received a gift from Trog
  1215 | D        | Reached skill level 10 in Dodging
  1257 | D        | Received a gift from Trog
  1258 | D        | Got a bone lajatang {god gift}
  1259 | D        | Identified the +9 lajatang of Dissatisfaction {slice, *Contam rPois Int+7} (Trog gifted it to you in the Dungeon)
  1302 | D        | Reached skill level 1 in Staves
  1526 | D        | Received a gift from Trog
  1526 | D        | Reached skill level 2 in Staves
  1548 | D        | Reached skill level 3 in Staves
  1659 | D        | Noticed a spiny frog
  1659 | D        | Noticed a spiny frog
  1664 | D        | Killed a spiny frog
  1664 | D        | Reached skill level 4 in Staves
  1666 | D        | Killed a spiny frog
  1667 | D        | Reached skill level 5 in Staves
  1735 | D        | Reached skill level 6 in Staves
  1769 | D        | Reached skill level 7 in Staves
  1924 | D        | Noticed a lindwurm
  1928 | D        | Killed a lindwurm
  1928 | D        | Received a gift from Trog
  1928 | D        | Reached skill level 8 in Staves
  1928 | D        | Reached XP level 11. HP: 115/115 MP: 10/10
  1984 | D        | Noticed Urug
  1993 | D        | Killed Urug
  1993 | D        | Reached skill level 9 in Staves
  2195 | D        | Received a gift from Trog
  2196 | D        | Got a warped scimitar {god gift}
  2201 | D        | Reached skill level 10 in Staves
  2219 | D        | Noticed a dire elephant
  2219 | D        | Noticed a dire elephant
  2219 | D        | Noticed Gastronok
  2231 | D        | Killed a dire elephant
  2231 | D        | Reached skill level 10 in Fighting
  2231 | D        | Reached skill level 11 in Staves
  2233 | D        | Killed a dire elephant
  2236 | D        | Killed Gastronok
  2236 | D        | Reached skill level 12 in Staves
  2314 | D        | Noticed an azure jelly
  2314 | D        | Noticed an azure jelly
  2314 | D        | Noticed an azure jelly
  2315 | D        | Noticed an azure jelly
  2318 | D        | Noticed Rupert
  2328 | D        | Killed Rupert
  2328 | D        | Received a gift from Trog
  2328 | D        | Reached skill level 13 in Staves
  2375 | D        | Killed an azure jelly
  2379 | D        | Killed an azure jelly
  2379 | D        | Reached skill level 14 in Staves
  2379 | D        | Reached XP level 12. HP: 91/128 MP: 11/11
  2383 | D        | Killed an azure jelly
  2387 | D        | Killed an azure jelly
  2387 | D        | Reached skill level 15 in Staves
  2542 | D        | Noticed a death yak
  2542 | D        | Noticed a death yak
  2543 | D        | Noticed a death yak
  2545 | D        | Noticed a death yak
  2556 | D        | Killed a death yak
  2559 | D        | Killed a death yak
  2569 | D        | Killed a death yak
  2577 | D        | Killed a death yak
  2728 | D        | Noticed an ice dragon
  2735 | D        | Killed an ice dragon
  2735 | D        | Received a gift from Trog
  2914 | D        | Noticed an eight-headed hydra
  2914 | D        | Noticed a six-headed hydra
  2925 | D        | Killed an eight-headed hydra
  2925 | D        | Reached skill level 16 in Staves
  2927 | D        | Killed a six-headed hydra
  2927 | D        | Received a gift from Trog
  2927 | D        | Reached skill level 1 in Throwing
  3011 | D        | Noticed an anaconda
  3025 | D        | Killed an anaconda
  3153 | D        | Received a gift from Trog
  3227 | D        | Noticed an anaconda
  3227 | D        | Noticed an anaconda
  3230 | D        | Killed an anaconda
  3235 | D        | Killed an anaconda
  3235 | D        | Reached XP level 13. HP: 78/141 MP: 12/12
  3326 | D        | Noticed a nagaraja
  3342 | D        | Killed a nagaraja
  3342 | D        | Received a gift from Trog
  3342 | D        | Reached skill level 17 in Staves
  3445 | D        | Found Noklapte's Antique Armour Shop.
  3445 | D        | Found Renohocyg's Magic Scroll Shoppe.
  3449 | D        | Found Begurchyl's Gadget Boutique.
  3457 | D        | Bought jewelled storm dragon scales for 2125 gold pieces
  3467 | D        | Identified the +3 storm dragon scales of the Equinox {rElec rF+ rC+} (You bought it in a shop in the Dungeon)
  3481 | D        | Got a serpentine rune of Zot
  3593 | D        | Bought a cloak for 112 gold pieces
  3647 | D        | Found a blossoming altar of Fedhas.
  3661 | D        | Received a gift from Trog
  3661 | D        | Reached skill level 1 in Armour
  3827 | D        | Noticed Donald
  3827 | D        | Noticed Frances
  3843 | D        | Killed Frances
  3851 | D        | Killed Donald
  3851 | D        | Received a gift from Trog
  4135 | D        | Received a gift from Trog
  4135 | D        | Reached skill level 5 in Armour
  4729 | D        | Found Odwifuij's Food Shoppe.
  4729 | D        | Found Ylukhote's Jewellery Boutique.
  4729 | D        | Found Der Vud's Antique Weapon Emporium.
  4738 | D        | Bought the ring "Lennin" {+Fly rN+ Str+4} for 482 gold pieces
  4760 | D        | Received a gift from Trog
  4765 | D        | Got a decaying rune of Zot
  4797 | D        | Bought the ring "Maichin" {Wiz rF+ MR+} for 644 gold pieces
  4924 | D        | Reached skill level 18 in Staves
  4940 | D        | Received a gift from Trog
  4971 | D        | Identified the +8 scimitar "Sudirph" {slice, rN+} (Trog gifted it to you in the Dungeon)
  4997 | D        | Noticed a deep elf demonologist
  4997 | D        | Noticed a deep elf annihilator
  4998 | D        | Noticed a deep elf annihilator
  4998 | D        | Noticed a deep elf death mage
  5002 | D        | Noticed a deep elf master archer
  5003 | D        | Noticed a deep elf demonologist
  5012 | D        | Killed from afar by a deep elf annihilator

Skill      XL: |  1  2  3  4  5  6  7  8  9 10 11 12 13 |
---------------+----------------------------------------+-----
Fighting       | 3 4 5 7 8 9 10 12 14 | 14.4
Dodging        | 3 4 5 7 8 9 10 11 12 13 | 13.1
Unarmed Combat | 4 5 7 10 12 14 15 16 | 16.4
Axes           | 2 4 5 |  5.5
Long Blades    | 3 4 |  4.2
Stealth        | 1 |  1.5
Staves         | 8 14 16 18 | 18.0
Throwing       | 1 |  1.4
Armour         | 7 |  7.6

Action                   |  1- 3 |  4- 6 |  7- 9 | 10-12 | 13-15 || total
-------------------------+-------+-------+-------+-------+-------++-------
Melee: Unarmed           |     9 |    25 |   119 |    43 |       ||   196
       Kick              |       |     5 |    37 |    75 |    50 ||   167
       Punch             |       |     1 |     8 |     2 |       ||    11
       War axe           |       |       |     2 |       |       ||     2
       Triple sword      |       |       |     3 |       |       ||     3
       Lajatang          |       |       |       |   222 |   169 ||   391
       Quarterstaff      |       |       |       |       |     5 ||     5
Throw: Javelin           |       |       |       |     2 |       ||     2
Invok: Burn Spellbooks   |       |     1 |       |       |       ||     1
       Trog's Hand       |       |       |     2 |     1 |     3 ||     6
       Berserk           |       |       |       |     6 |     2 ||     8
       Brothers in Arms  |       |       |       |     5 |     2 ||     7
 Abil: Evoke Flight      |       |       |       |       |     1 ||     1
  Use: Potion            |       |     4 |     3 |     3 |     2 ||    12
       Scroll            |       |       |       |     2 |     1 ||     3
 Stab: Sleeping          |       |       |       |     2 |       ||     2
  Eat: Chunk             |       |     4 |    12 |    27 |    17 ||    60
Armor: Animal skin       |     1 |     1 |     4 |       |       ||     6
       Robe              |       |       |     4 |    52 |     1 ||    57
       Storm dragon scal |       |       |       |       |   100 ||   100
Dodge: Dodged            |     2 |    13 |    43 |   181 |    94 ||   333
       Rpst.: Triple sword |       |       |     2 |       |       ||     2
